 Dungeon Sprint DCSS version 0.17-a0-1636-g3119f2b (webtiles) character file.

4 nuthulu the Skirmisher (level 1, -1/15 HPs)
             Began as a Gargoyle Fighter on Aug 6, 2015.
             Was an Initiate of Okawaru.
             Slain by a gnoll (2 damage)
             ... while paralysed by a giant eyeball
             ... in the Dungeon (Sprint VII: "The Pits").
             The game lasted 00:00:44 (138 turns).

nuthulu the Skirmisher (Gargoyle Fighter)            Turns: 138, Time: 00:00:44

Health: -1/15      AC:  9    Str: 19    XL:     1   Next: 60%
Magic:  1/1        EV:  2    Int:  8    God:    Okawaru [......]
Gold:   0          SH:  0    Dex:  9    Spells: 0 memorised, 0 levels left

rFire  . . .     SeeInvis .     s - +2 mace
rCold  . . .     Clarity  .     b - +0 scale mail
rNeg   + . .     SustAt   .     c - +0 shield
rPois  ∞         Gourm    .     (no helmet)
rElec  +         Spirit   .     (no cloak)
rCorr  .         Warding  .     (no gloves)
rMut   .         NoTele   +     (no boots)
MR     .....                    (no amulet)
Stlth  ..........               (no ring)
                                (no ring)

@: paralysed, not resistant to hostile enchantments, extremely unstealthy
A: negative energy resistance 1, electricity resistance, unbreathing,
petrification resistance, rot immunity, AC +2
a: Renounce Religion


You were in the Dungeon.
You worshipped Okawaru.
Okawaru was noncommittal.
You were not hungry.

You visited 1 branch

Inventory:

Hand weapons
 a - a +0 flail
 s - a +2 mace (weapon)
Armour
 b - a +0 scale mail (worn)
 c - a +0 shield (worn)
Scrolls
 k - a scroll of blinking
 p - 3 scrolls of remove curse
 q - 5 scrolls of amnesia
 r - a scroll of summoning
Potions
 d - a potion of might
 f - a potion of curing
 g - a potion of heal wounds
 h - a potion of haste
 i - 4 potions of magic
 j - 3 potions of berserk rage
 o - 2 potions of invisibility
Comestibles
 e - 8 bread rations
 l - 3 chunks of flesh
 m - 40 fruits
 n - 7 meat rations


   Skills:
 + Level 4.1 Fighting
 + Level 3.0 Maces & Flails
 - Level 3.2 Armour
 - Level 3.2 Shields


You couldn't memorise any spells.
You didn't know any spells.

Dungeon Overview and Level Annotations

Branches:
Dungeon (1/1)

Altars:
Ashenzari
Cheibriados
Dithmenos
Elyvilon
Fedhas
Gozag
Kikubaaqudgha
Makhleb
Nemelex Xobeh
Okawaru
Qazlal
Ru
Sif Muna
Trog
Vehumet
Xom
Yredelemnul
Zin
The Shining One
Beogh
Jiyva
Lugonu


Innate Abilities, Weirdness & Mutations

You are resistant to torment.
Your stone body is resilient (AC +2).
You are immune to poison.
You resist negative energy.
You are resistant to electric shocks.
You can survive without breathing.
You are immune to petrification.
You are immune to rotting.


Message History

The gnoll hits you with a club. You block the gnoll's attack.
The giant eyeball gazes at you.
You suddenly lose the ability to move!
The gnoll hits you but does no damage. The gnoll hits you but does no damage.
You can move again.
Unknown command.
Unknown command.
You hit the giant eyeball.
The giant eyeball is heavily wounded.
The gnoll barely misses you. You block the gnoll's attack.
The gnoll hits you but does no damage.
You hit the giant eyeball.
The giant eyeball is severely wounded.
The gnoll hits you. The giant eyeball gazes at you.
You suddenly lose the ability to move!
The gnoll hits you but does no damage. The gnoll hits you with a club!
* * * LOW HITPOINT WARNING * * *
The gnoll hits you.
You die...

#__________#
#.#####'##############
#_#.))'.'..##.........
#_#)))#.#?(##......#..
#######'#####.........
#...........÷.........
#+#####'#####......#..
#.G#..# #.........
#.g@..# ####'#####
#.g#### #.......# #..
#.......# #..
#.......# ##+
#...<...# #.......#
#.......# #.......#
#########


You could see a giant eyeball and 2 gnolls.

Vanquished Creatures
  A giant gecko (D)
  A hobgoblin (D)
  A ball python (D)
3 creatures vanquished.

Notes
Turn   | Place    | Note
--------------------------------------------------------------
     0 | D        | nuthulu the Gargoyle Fighter began the quest for the Orb.
     0 | D        | Reached XP level 1. HP: 14/14 MP: 1/1
    66 | D        | Found a sacrificial altar of Ru.
    66 | D        | Found a basalt altar of Yredelemnul.
    66 | D        | Found a shadowy altar of Dithmenos.
    66 | D        | Found a deep blue altar of Sif Muna.
    66 | D        | Found a burning altar of Makhleb.
    66 | D        | Found a shimmering altar of Xom.
    66 | D        | Found an ancient bone altar of Kikubaaqudgha.
    66 | D        | Found a sparkling altar of Nemelex Xobeh.
    67 | D        | Found a glowing golden altar of the Shining One.
    67 | D        | Found a bloodstained altar of Trog.
    67 | D        | Found a shattered altar of Ashenzari.
    67 | D        | Found a white marble altar of Elyvilon.
    67 | D        | Found a snail-covered altar of Cheibriados.
    67 | D        | Found a blossoming altar of Fedhas.
    67 | D        | Found a radiant altar of Vehumet.
    67 | D        | Found a glowing silver altar of Zin.
    67 | D        | Found a corrupted altar of Lugonu.
    67 | D        | Found a viscous altar of Jiyva.
    67 | D        | Found a roughly hewn altar of Beogh.
    67 | D        | Found an iron altar of Okawaru.
    73 | D        | Found a stormy altar of Qazlal.
    73 | D        | Found an opulent altar of Gozag.
    76 | D        | Became a worshipper of Warmaster Okawaru
    93 | D        | Reached skill level 4 in Fighting
   134 | D        | Paralysed by a giant eyeball for 2 turns
   137 | D        | Paralysed by a giant eyeball for 3 turns
   138 | D        | Slain by a gnoll

Vault maps used:
D:        pitsprint

Action                   || total
-------------------------++-------
Melee: Mace              ||     8
       Flail             ||     6
